 Dungeon Crawl Stone Soup version 0.29.1-15-g9cfb28693d (webtiles) character file.

Game seed: 15598227294507401568

395 Omnicron the Grasshopper (level 6, -1/50 HPs)
             Began as a Palentonga Warper on Mar 4, 2023.
             Slain by a phantom (2 damage)
             ... on level 4 of the Dungeon.
             The game lasted 00:16:55 (4520 turns).

Omnicron the Grasshopper (Palentonga Warper)        Turns: 4520, Time: 00:16:57

Health: -1/50      AC:  3    Str: 20    XL:     6   Next: 52%
Magic:  8/10       EV: 10    Int: 13    God:
Gold:   190        SH:  0    Dex: 11    Spells: 9/11 levels left

rFire   . . .      SeeInvis +   q - +0 war axe
rCold   . . .      Faith    .   (no shield)
rNeg    . . .      Spirit   .   b - +0 leather armour
rPois   .          Reflect  .   s - -2 helmet "Nutzytad" {Will+ Str+3 Stlth+}
rElec   .          Harm     .   (no cloak)
rCorr   .          Rampage  .   (no gloves)
Will    +....                   (no barding)
Stlth   ++........              (no amulet)
HPRegen 0.16/turn               (no ring)
MPRegen 0.12/turn               (no ring)

@: no status effects
A: large, rugged brown scales 3, see invisible, deformed body, roll 1, armoured
tail
a: Rolling Charge


You were on level 4 of the Dungeon.
You visited 1 branch of the dungeon, and saw 5 of its levels.

You collected 190 gold pieces.

Inventory:

Hand Weapons
 q - a +0 war axe (weapon)
Missiles
 a - 2 boomerangs
 d - 7 boomerangs of dispersal
Armour
 b - a +0 leather armour (worn)
 s - the -2 helmet "Nutzytad" (worn) {Will+ Str+3 Stlth+}
   (You took it off Robin on level 4 of the Dungeon)

   Str:       It affects your strength (+3).
   Will:      It increases your willpower.
   Stlth:     It makes you more stealthy.
Scrolls
 c - 3 scrolls of blinking
 e - 6 scrolls of identify {unknown}
 f - a scroll of magic mapping {unknown}
 j - 4 scrolls of fear {unknown}
 l - a scroll of amnesia {unknown}
 o - a scroll of enchant weapon {unknown}
 p - a scroll of teleportation {unknown}
Potions
 g - 2 potions of haste {unknown}
 h - a potion of heal wounds {unknown}
 i - a potion of resistance {unknown}
 k - a potion of flight {unknown}
 m - a potion of degeneration {unknown}
 n - 2 potions of mutation {unknown}
 r - a potion of cancellation {unknown}


   Skills:
 + Level 3.2 Fighting
 + Level 3.1 Axes
 - Level 0.7 Throwing
 + Level 2.2 Armour
 + Level 2.7 Dodging
 + Level 3.2 Spellcasting
 + Level 4.1 Translocations


You had 9 spell levels left.
You knew the following spells:

 Your Spells              Type           Power      Damage    Failure   Level
a - Blink                 Tloc           24%        N/A       7%          2

Your spell library contained the following spells:

 Spells                   Type           Power      Damage    Failure   Level
 Gell's Gravitas          Tloc           12%        N/A       14%         3
 Lesser Beckoning         Tloc           12%        N/A       14%         3
 Teleport Other           Tloc           12%        N/A       14%         3
 Ensorcelled Hibernation  Hex/Ice        4%         N/A       36%         2
 Passwall                 Tmut/Erth      1%         N/A       36%         2
 Ignite Poison            Fire/Tmut/Pois 2%         N/A       61%         3
 Mephitic Cloud           Conj/Pois/Air  2%         N/A       61%         3
 Swiftness                Air            2%         N/A       61%         3
 Manifold Assault         Tloc           12%        N/A       78%         5
 Freezing Cloud           Conj/Ice/Air   1%         6-21      100%        5


Dungeon Overview and Level Annotations

Branches:
Dungeon (5/15)
 Temple: D:4-7

Altars:
Zin
The Shining One

Shops:
D:3 (


Innate Abilities, Weirdness & Mutations

You are completely covered in rugged brown scales. (AC +3, +7% HP)
You have supernaturally acute eyesight. (SInv)
Armour fits poorly on your strangely shaped body.
You can roll at nearby foes to attack.
You have a long armoured tail.


Message History

There is a stone staircase leading down here.
You climb downwards.
Found a scroll labelled EDWIYM ATTU, 32 gold pieces and a flail.
There is a stone staircase leading up here.
You climb upwards.
There is a stone staircase leading down here.
Roll where?
Press: ? - help, Q - select action, (/) - cycle Dir - move target, f - phantom
Aim: a phantom (moderately damaged)
You roll forward with a clatter of scales!
You closely miss the phantom.
The phantom is moderately damaged.
The phantom hits you.
* * * LOW HITPOINT WARNING * * *
The phantom attacks as you move away! The phantom hits you.
* * * LOW HITPOINT WARNING * * *
Casting: Blink (safe; 7% risk of failure)
Confirm with . or Enter, or press ? or * to list all spells.
You don't know that spell.
Okay, then.
Casting: Blink (safe; 7% risk of failure)
Confirm with . or Enter, or press ? or * to list all spells.
You blink.
The phantom misses you.
You barely miss the phantom.
You tail-slap the phantom, but do no damage.
The phantom is moderately damaged.
The phantom hits you.
* * * LOW HITPOINT WARNING * * *
The phantom completely misses you.
You closely miss the phantom.
Your tail-slap misses the phantom.
The phantom is moderately damaged.
The phantom hits you.
* * * LOW HITPOINT WARNING * * *
You closely miss the phantom.
Your tail-slap misses the phantom.
The phantom is moderately damaged.
You feel stable enough to blink again. The phantom hits you.
* * * LOW HITPOINT WARNING * * *
The phantom hits you.
You die...

#.. #..### ...... #####.#...
........#### #.........##
#.#.....#..### #
#W#.......##≈#
#@#.....#.##≈#
#.#.#......#≈#####
#.#.......#.~.##..
#.......#...~.##.#
#####W..###.~.##.#
#######>.....#≈#...g #
#..W.....).###≈###.#
##.######..≈≈≈.......###...#
..........≈≈≈≈≈......###g#.#


You could see a phantom.

Vanquished Creatures
  Sigmund (D:3)
  A howler monkey (D:3)
  A hound (D:3)
  Robin (D:4)
  4 gnolls (D:3)
  3 adders
  An ufetubus (D:3)
  5 worms
  A dart slug (D:1)
  6 orcs
  5 endoplasms
  4 giant cockroaches
  12 goblins
  8 hobgoblins
  6 quokkas
  5 ball pythons
  A bat (D:3)
  A frilled lizard (D:2)
  4 kobolds
  7 rats
77 creatures vanquished.

Notes
Turn   | Place    | Note
-------+----------+-------------------------------------------
     0 | D:1      | Omnicron the Palentonga Warper began the quest for the Orb.
     0 | D:1      | Reached XP level 1. HP: 17/17 MP: 3/3
    50 | D:1      | Found a faded altar of an unknown god.
   390 | D:1      | Reached skill level 1 in Armour
   390 | D:1      | Reached XP level 2. HP: 23/23 MP: 5/5
   398 | D:1      | Learned a level 2 spell: Blink
  1141 | D:2      | Reached XP level 3. HP: 28/28 MP: 6/6
  1718 | D:2      | Found a glowing golden altar of the Shining One.
  2168 | D:3      | Noticed a necrophage
  2181 | D:3      | Reached XP level 4. HP: 15/36 MP: 7/7
  2677 | D:3      | Noticed Sigmund
  2687 | D:3      | Killed Sigmund
  2688 | D:3      | Reached XP level 5. HP: 19/43 MP: 7/9
  2881 | D:3      | Reached XP level 6. HP: 41/50 MP: 7/10
  3061 | D:3      | Reached skill level 4 in Translocations
  3289 | D:3      | Found Juwninad's Weapon Boutique.
  3711 | D:4      | Found a glowing silver altar of Zin.
  3846 | D:4      | Identified the -2 helmet "Nutzytad" {Will+ Str+3 Stlth+}
  3846 | D:4      | Noticed Robin
  4335 | D:4      | Killed Robin
  4501 | D:5      | Entered Level 5 of the Dungeon
  4501 | D:5      | Noticed an ice beast
  4520 | D:4      | HP: 1/50 [phantom (4)]
  4520 | D:4      | Slain by a phantom

Illustrated notes

Levels and vault maps discovered:
D:1:      lightli_arrival_statue_moat, layout_loops_ring,
          ebering_ecumenical_altar_rust
D:2:      wad_crossroads, layout_basic, basic_altar, grunt_decor_cap
D:3:      layout_basic, serial_shops, shop, chequers_serial_rivers_room_a,
          uniq_sigmund
D:4:      layout_loops_cross, mainiacjoe_overflow_catwalk,
          amcnicky_altar_gilded, nicolae_uskayaw_dance_hall, serial_rivers,
          chequers_serial_rivers_marsh, chequers_serial_rivers_micro_a,
          chequers_serial_rivers_small_3, chequers_serial_rivers_large_b,
          chequers_serial_rivers_room_a, chequers_serial_rivers_marsh,
          uniq_eustachio, uniq_robin, uniq_pikel
D:5:      layout_layer_cave, mainiacjoe_overflow_brackets,
          general_overflow_altar, lemuel_tele_altar,
          mainiacjoe_overflow_chevrons

Skill      XL: |  1  2  3  4  5  6 |
---------------+-------------------+-----
Armour         | 1 2 |  2.2
Dodging        | 2 |  2.7
Fighting       | 3 |  3.2
Axes           | 3 |  3.1
Spellcasting   | 3 |  3.2
Translocations | 4 |  4.1
Throwing       | |  0.7

Action                   |  1- 3 |  4- 6 || total
-------------------------+-------+-------++-------
Melee: Hand axe          |   111 |    54 ||   165
       Tailslap          |    11 |    22 ||    33
       War axe           |       |    63 ||    63
       Punch             |       |     1 ||     1
 Cast: Blink             |     5 |    18 ||    23
 Abil: Rolling Charge    |    35 |    38 ||    73
Armor: Leather armour    |    29 |    53 ||    82
Dodge: Dodged            |    47 |    70 ||   117
